 Dungeon Crawl Stone Soup version 0.28.0-53-g5a82cb258f (webtiles) character file.

Game seed: 12980588211212110415

74 Infinimo the Cudgeller (level 4, 0/48 HPs)
             Began as an Ogre Gladiator on May 28, 2022.
             Killed from afar by Natasha (8 damage)
             ... with a magic dart
             ... on level 2 of the Dungeon.
             The game lasted 00:01:09 (1142 turns).

Infinimo the Cudgeller (Ogre Gladiator)             Turns: 1142, Time: 00:01:09

Health: 0/48       AC:  3    Str: 20    XL:     4   Next: 30%
Magic:  4/4        EV: 10    Int:  9    God:
Gold:   65         SH:  0    Dex: 10    Spells: 3/3 levels left

rFire   . . .      SeeInvis .   a - +0 flail
rCold   . . .      Faith    .   (no shield)
rNeg    . . .      Spirit   .   b - +0 robe
rPois   .          Reflect  .   c - +0 hat
rElec   .          Harm     .   (no cloak)
rCorr   .          Rampage  .   (gloves unavailable)
Will    .....                   (boots unavailable)
Stlth   +.........              (no amulet)
HPRegen 0.16/turn               (no ring)
MPRegen 0.09/turn               (no ring)

@: no status effects
A: large, unfitting armour, tough skin 1
a: no special abilities


You were on level 2 of the Dungeon.
You visited 1 branch of the dungeon, and saw 2 of its levels.

You collected 65 gold pieces.

Inventory:

Hand Weapons
 a - a +0 flail (weapon)
Missiles
 d - 3 throwing nets (quivered)
Armour
 b - a +0 robe (worn)
 c - a +0 hat (worn)
Scrolls
 e - 2 scrolls of fear {unknown}
 f - a scroll of identify {unknown}
 i - a scroll of torment {unknown}
 k - a scroll of noise {unknown}
Potions
 g - a potion of degeneration {unknown}
 h - a potion of attraction {unknown}
 j - 2 potions of flight {unknown}
 l - a potion of lignification {unknown}


   Skills:
 + Level 4.0 Fighting
 * Level 4.0 Maces & Flails
 - Level 2.0 Throwing
 - Level 2.6 Dodging


You had 3 spell levels left.
You didn't know any spells.
Your spell library was empty.

Dungeon Overview and Level Annotations

Branches:
Dungeon (2/15)

Altars:

Shops:
D:1 *

Annotations:
D:2 Natasha


Innate Abilities, Weirdness & Mutations

You are too large for most types of armour.
You have tough skin. (AC +1)


Message History

You are too injured to fight recklessly!
You are too injured to fight recklessly!
You are too injured to fight recklessly!
You barely miss Natasha. Natasha barely misses you.
You closely miss Natasha. Natasha closely misses you.
You hit Natasha.
Natasha is moderately wounded.
Natasha howls an incantation.
You feel troubled. Natasha claws you. Natasha barely misses you.
You hit Natasha but do no damage.
Natasha is moderately wounded.
Natasha claws you!
* * * LOW HITPOINT WARNING * * *
You sock Natasha!
Natasha is severely wounded.
Natasha casts a spell.
You barely miss Natasha.
Natasha is severely wounded.
Natasha closely misses you.
You barely miss Natasha.
Natasha is severely wounded.
Natasha closely misses you. Natasha claws you!
* * * LOW HITPOINT WARNING * * *
You thump Natasha!
You kill Natasha!
Natasha screams in pain as she dies!
Your Fighting skill increases to level 4!
Your Maces & Flails skill increases to level 4!
You have reached level 4!
Unknown command.
Unknown command.
You start resting.
Natasha, Servant of Life and Death comes into view.
Natasha moves out of view.
You start resting.
Natasha is nearby!
Natasha stares at you and mumbles some strange words.
The magic dart hits you!
You die...

#.##.##h.... ##........
..#........ #.........
#.#h....... #.........
#.#....# #.........
#..h#### ####........
##...h.######...........
##..##.#....#.##........
#..>##.#.##.#.##........
#.#.#..@.##...##........
#.#.############.<......
#.#......# #........
###.######.# #########
#...# #.# #.### #.# #.#
#.# #.# #.# #.# #.#


You could see Natasha.

Vanquished Creatures
  Natasha (twice) (D:2)
  A dart slug (D:1)
  5 endoplasms (D:1)
  2 giant cockroaches (D:1)
  2 goblins (D:1)
  2 hobgoblins (D:1)
  A kobold (D:1)
  A quokka (D:1)
  2 ball pythons (D:1)
  A bat (D:1)
  A frilled lizard (D:1)
  2 rats (D:1)
22 creatures vanquished.

Notes
Turn   | Place    | Note
-------+----------+-------------------------------------------
     0 | D:1      | Infinimo the Ogre Gladiator began the quest for the Orb.
     0 | D:1      | Reached XP level 1. HP: 22/22 MP: 1/1
   141 | D:1      | Reached XP level 2. HP: 28/31 MP: 2/2
   485 | D:1      | Found Plog's General Store.
   622 | D:1      | Reached XP level 3. HP: 18/37 MP: 3/3
  1068 | D:2      | Noticed Natasha
  1071 | D:2      | Killed Natasha
  1115 | D:2      | Noticed Natasha
  1129 | D:2      | Killed Natasha
  1130 | D:2      | Reached XP level 4. HP: 6/48 MP: 4/4
  1137 | D:2      | Noticed Natasha
  1142 | D:2      | Killed from afar by Natasha

Illustrated notes

Levels and vault maps discovered:
D:1:      lightli_arrival_flooded_house, layout_basic, serial_shops, shop,
          chequers_mini_garden, chequers_decorated_corner, minmay_pentomino_z4
D:2:      layout_basic, basic_altar, small_statue_intersection, uniq_natasha,
          uniq_jessica

Skill      XL: |  1  2  3 |
---------------+----------+-----
Fighting       | 3 4 |  4.0
Maces & Flails | 3 4 |  4.0
Throwing       | |  2.0
Dodging        | |  2.6

Action                   |  1- 3 |  4- 6 || total
-------------------------+-------+-------++-------
Melee: Flail             |    67 |       ||    67
Armor: Robe              |    15 |       ||    15
Dodge: Dodged            |    37 |       ||    37
